Unix NetHack Version 5.0.0-0 post-release - last build May 31 2026 23:59:36 (970b52f25bf058293b47ddfd14a1e40e571c508c,branch:main).

Game began 2026-06-07 10:58:09, ended 2026-06-07 11:06:08.

DiePARTEI, neutral female human Tourist

                                    ----      -----
 ---                                |..--------.|.-- ---
--.--          ----                --...--.|.|.....---.---   ---
|...|        ---..|          ------|.....................|  --.--        ----
--..|       --....--        --....|--..........--........-- |...---    ---..--
 --.-----   |*.....|       --..|..-----........||-........| |.....--   |.....--
  |..--<-----......---------..-|...---...-.....--........----......|   |......|
  |-................f[....^..--|--.................................|   ---...--
  |......--------.@G------------.......---.....|...--------...--...------|...|
  |................hG............---------....---..|    ---..----....--.--...|
  --....-----.......G..------------  ----.....------   --...--  --..........--
   |....|  |............------....-- |.........|       |....|    |........---
   --.---  |.....|.................---.........--      |....|    |........|
    ---   --.....|..............................---    ------    |.----...----
     ------..--.|.................................|           ----.|  |......|
    --.--....|--|............--...................-----       |....|---......|
    |........|  |-...----....|----....--.|..........|>--    ---..---|.......--
    |.......--  |...--  --...|   |...-------...........|    |....|  |.....---
    ----....|   --..|    -----   -----     |.....--.|.--    |...--  ---..--
       |..---    ----                      ---.--------     --.--     ----
       ----                                  ---             ---
DiePARTEI the Rambler       St:10 Dx:11 Co:15 In:17 Wi:7 Ch:17  Neutral
Dlvl:3  $:693 HP:0(12) Pw:2(2) AC:8  Xp:1 T:751 

Latest messages:
 The kitten bites the gnome lord.
 The gnome lord misses the kitten.
 You see here a scroll labeled MAPIRO MAHAMA DIROMAT.
 The kitten misses the gnome lord.
 A - a scroll labeled MAPIRO MAHAMA DIROMAT.
 The kitten bites the gnome lord.
 The gnome lord hits the kitten.
 The kitten bites the gnome lord.
 The gnome lord is killed!
 The dwarf picks up 3 darts.
 The kitten misses the dwarf.
 The dwarf throws a dart!
 You are hit by a dart.
 In what direction? 4
 The dart hits the dwarf!
 The kitten bites the dwarf.
 The dwarf is killed!
 There is nothing here to pick up.
 Your kitten eats a dwarf corpse.
 You swap places with your kitten.
 There are several objects here.
 a - a +2 dart (at the ready) (31 in total).
 B - 2 darts.
 C - a conical hat.
 D - a pair of hard shoes.
 E - a pick-axe.
 What do you want to wear? [D or ?*] D
 You finish your dressing maneuver.
 What do you want to wear? [*] ?
 You are already wearing a helm.
 What do you want to drink? [fqu or ?*] f
 You feel much better.
 What do you want to read? [glmA or ?*] g
 As you read the scroll, it disappears.
 A map coalesces in your mind!
 In what direction? 4
 You kill the gnome!
 You see here a +2 dart.
 The gnome is almost hit by a dart!
 The gnome picks up a dart.
 a - a +2 dart (at the ready) (31 in total).
 The gnome swings his thonged club.
 The gnome hits!
 The dwarf thrusts her dagger.
 The dwarf hits!
 The gnome swings his thonged club.
 The gnome hits!
 You die...
 Do you want your possessions identified? [ynq] (y) y
 Do you want to see your attributes? [ynq] (y) q

Inventory:
 Coins    ('$')
  $ - 693 gold pieces
 Weapons  (')')
  a - 31 +2 darts (at the ready)
  B - 2 +0 darts
  z - a +0 orcish dagger
 Armor    ('[')
  C - a cursed -1 dunce cap
  v - an uncursed +0 orcish helm (being worn)
  D - a cursed -1 pair of iron shoes (being worn)
  h - an uncursed +0 Hawaiian shirt with a flamingo motif (being worn)
 Comestibles  ('%')
  b - 9 uncursed food rations
  c - an uncursed lembas wafer
  d - an uncursed tripe ration
  t - an uncursed lichen corpse
 Scrolls  ('?')
  g - 3 uncursed scrolls of magic mapping
  l - a blessed scroll of scare monster
  m - a cursed scroll of scare monster
  A - an uncursed scroll of teleportation
 Potions  ('!')
  f - an uncursed potion of extra healing
  u - an uncursed potion of fruit juice
  q - an uncursed potion of healing
 Tools    ('(')
  i - an expensive camera (0:66)
  w - an uncursed lock pick
  E - a +0 pick-axe
 Gems/Stones  ('*')
  x - an uncursed worthless piece of black glass

DiePARTEI the Tourist's attributes:

Background:
 You were a Rambler, a level 1 female human Tourist.
 You were neutral, on a mission for The Lady
 who was opposed by Blind Io (lawful) and Offler (chaotic).
 You were right-handed.
 You were in the Gnomish Mines, on level 3.
 You entered the dungeon 751 turns ago.
 You had 12 experience points, 8 more were needed to attain level 2.

Basics:
 You had 0 out of 12 hit points.
 You had both energy points (spell power).
 Your armor class was 8.
 Your wallet contained 693 zorkmids.
 Autopickup was off.

Final Characteristics:
 Your strength was 10 (limit:18/100).
 Your dexterity was 11 (limit:18).
 Your constitution was 15 (limit:18).
 Your intelligence was 17 (limit:18).
 Your wisdom was 7 (limit:18).
 Your charisma was 17 (limit:18).

Final Status:
 You weren't hungry.
 You were unencumbered.
 You were bare handed.
 You were unskilled in bare handed combat.

Final Attributes:
 You were aligned.
 You are dead.

Miscellaneous:
 You didn't encounter any bones levels.
 Total elapsed playing time was 7 minutes and 57 seconds.

Major events:
 Turn
    1: DiePARTEI the neutral female human Tourist entered the dungeon
  714: entered the Gnomish Mines
  751: killed by a gnome

Spells:
 Name                 Level Category     Fail Retention
 magic missile          2   attack        96%  76%-100%
 cancellation           7   matter       100%  76%-100%
 identify               3   divination   100%  76%-100%

Skills:
 Fighting Skills
   bare handed combat [Unskilled]
   two weapon combat  [Unskilled]
   riding             [Unskilled]
 Weapon Skills
   dagger             [Unskilled]
   knife              [Unskilled]
   axe                [Unskilled]
   pick-axe           [Unskilled]
   short sword        [Unskilled]
   broadsword         [Unskilled]
   long sword         [Unskilled]
   two-handed sword   [Unskilled]
   saber              [Unskilled]
   mace               [Unskilled]
   morning star       [Unskilled]
   flail              [Unskilled]
   hammer             [Unskilled]
   quarterstaff       [Unskilled]
   polearms           [Unskilled]
   spear              [Unskilled]
   trident            [Unskilled]
   lance              [Unskilled]
   bow                [Unskilled]
   sling              [Unskilled]
   crossbow           [Unskilled]
   dart               [Basic]
   shuriken           [Unskilled]
   boomerang          [Unskilled]
   whip               [Unskilled]
   unicorn horn       [Unskilled]
 Spellcasting Skills
   divination spells  [Unskilled]
   enchantment spells [Unskilled]
   escape spells      [Unskilled]

Voluntary challenges:
 Character rerolling was not enabled.
 You followed a strict vegan diet.
 You were an atheist.
 You never hit with a wielded weapon.
 You never genocided any monsters.
 You never polymorphed an object.
 You never changed form.
 You used no wishes.
Achievements:
 You entered a shop.
 You entered the Gnomish Mines.

 The Dungeons of Doom: levels 1 to 2
    Level 1:
       A sink.
    Level 2:
       A general store, a fountain.
       Stairs down to The Gnomish Mines.
 The Gnomish Mines:
    Level 3: <- You were here.
       Final resting place for
          you, killed by a gnome.


Vanquished creatures:
  a gnome leader
  a dwarf
  a gnome
  2 goblins
  3 sewer rats
  a grid bug
  3 lichens
  2 newts
14 creatures vanquished.

No species were genocided or became extinct.

Game over:
                       ----------
                      /          \
                     /    REST    \
                    /      IN      \
                   /     PEACE      \
                  /                  \
                  |    DiePARTEI     |
                  |      693 Au      |
                  |   killed by a    |
                  |      gnome       |
                  |                  |
                  |                  |
                  |       2026       |
                 *|     *  *  *      | *
        _________)/\\_//(\/(/\)/\//\/|_)_______

Aloha DiePARTEI the Tourist...

You died in The Gnomish Mines on dungeon level 3 with 574 points,
and 693 pieces of gold, after 751 moves.
You were level 1 with a maximum of 12 hit points when you died.

